 Dungeon Crawl Stone Soup version 0.29-a0-557-g43b9904bd1 (webtiles) character file.

Game seed: 3939063441352702184

2851 siradein the Ducker (level 9, -7/106 HPs)
             Began as a Vampire Berserker on June 8, 2022.
             Was an Elder of Trog.
             Mangled by a skeletal warrior
             ... wielding a +0 long sword
              (21 damage)
             ... on level 7 of the Dungeon.
             The game lasted 00:13:34 (5938 turns).

siradein the Ducker (Vampire Berserker)             Turns: 5938, Time: 00:13:35

Health: -7/106     AC:  8    Str: 20    XL:     9   Next: 46%
Magic:  9/9        EV: 15    Int:  9    God:    Trog [****..]
Gold:   389        SH:  0    Dex: 14    Spells: 8/8 levels left

rFire   . . .      SeeInvis +   B - +1 halberd
rCold   + . .      Faith    .   (shield currently unavailable)
rNeg    . . .      Spirit   .   e - +3 leather armour {rC+}
rPois   .          Reflect  .   (no helmet)
rElec   .          Harm     .   (no cloak)
rCorr   .          Rampage  .   (no gloves)
Will    +....                   y - +0 pair of boots
Stlth   ..........              m - amulet of regeneration
HPRegen 1.27/turn               k - ring of willpower
MPRegen 0.11/turn               (no ring)

@: berserking (expiring), healing quickly, very quick
A: alive, fangs 3, see invisible, vampiric 2
a: Exsanguinate, Renounce Religion, Berserk, Trog's Hand, Brothers in Arms


You were on level 7 of the Dungeon.
You worshipped Trog.
Trog was greatly pleased with you.
You visited 1 branch of the dungeon, and saw 7 of its levels.

You collected 389 gold pieces.

Inventory:

Hand Weapons
 B - a +1 halberd (weapon)
Armour
 e - a +3 leather armour of cold resistance (worn)
 y - a +0 pair of boots (worn)
Jewellery
 k - a ring of willpower (left hand)
 m - an amulet of regeneration (around neck)
 o - an amulet of the acrobat
Wands
 a - a wand of paralysis (2)
 j - a wand of acid (16)
 l - a wand of charming (11)
Scrolls
 d - 3 scrolls of teleportation {unknown}
 i - a scroll of enchant weapon
 p - a scroll of fear
 q - a scroll of identify
 r - 2 scrolls of brand weapon
 s - 2 scrolls of vulnerability {unknown}
 z - a scroll of immolation {unknown}
Potions
 b - 4 potions of flight
 c - a potion of curing {unknown}
 f - 2 potions of ambrosia
 g - 2 potions of mutation {unknown}
 h - a potion of might {unknown}
 n - 3 potions of cancellation {unknown}
 t - a potion of magic {unknown}
 u - 2 potions of haste {unknown}
 v - 2 potions of invisibility {unknown}
 w - a potion of resistance {unknown}
 A - a potion of heal wounds {unknown}


   Skills:
 + Level 6.6 Fighting
 + Level 6.6 Polearms
 + Level 5.6 Armour
 + Level 7.5 Dodging


You had 8 spell levels left.
You didn't know any spells.
Your spell library was empty.

Dungeon Overview and Level Annotations

Branches:
Dungeon (7/15)             Temple (0/1) D:5

Altars:
Cheibriados
Dithmenos
Elyvilon
Kikubaaqudgha
Makhleb
Nemelex Xobeh
Okawaru
Ru
Sif Muna
Vehumet
Xom
Yredelemnul
Zin
The Shining One


Innate Abilities, Weirdness & Mutations

Your natural rate of healing is accelerated.
You have razor-sharp teeth.
You have supernaturally acute eyesight. (SInv)
You are afflicted with vampirism and can become a bat while bloodless.


Message History

You hit the skeletal warrior. You bite the skeletal warrior!
The skeletal warrior is heavily damaged.
The skeletal warrior barely misses you.
You barely miss the skeletal warrior. You bite the skeletal warrior.
The skeletal warrior is heavily damaged.
You closely miss the skeletal warrior. Your bite misses the skeletal warrior.
The skeletal warrior is heavily damaged.
The skeletal warrior hits you with a +0 long sword!!
You closely miss the skeletal warrior. Your bite misses the skeletal warrior.
The skeletal warrior is heavily damaged.
The skeletal warrior closely misses you.
You hit the skeletal warrior.
The skeletal warrior is heavily damaged.
The skeletal warrior hits you with a +0 long sword.
You completely miss the skeletal warrior.
The skeletal warrior is heavily damaged.
You closely miss the skeletal warrior.
The skeletal warrior is heavily damaged.
The skeletal warrior hits you with a +0 long sword!
You closely miss the skeletal warrior.
The skeletal warrior is heavily damaged.
The skeletal warrior hits you with a +0 long sword!
You hit the skeletal warrior but do no damage.
You bite the skeletal warrior, but do no damage.
The skeletal warrior is heavily damaged.
The skeletal warrior hits you with a +0 long sword!!
* * * LOW HITPOINT WARNING * * *
You slash the skeletal warrior!
The skeletal warrior is heavily damaged.
You hit the skeletal warrior but do no damage.
The skeletal warrior is heavily damaged.
The skeletal warrior hits you with a +0 long sword!
* * * LOW HITPOINT WARNING * * *
You barely miss the skeletal warrior.
The skeletal warrior is heavily damaged.
The skeletal warrior closely misses you.
You hit the skeletal warrior.
The skeletal warrior is severely damaged.
The skeletal warrior hits you with a +0 long sword!!
You die...

....# #################### ....
...................# ....
#.#######.#####.####.# ...# #.#
#.# #.# #.# ... #.# #.# #.# #.#
#.### #.# #.# ##.## #.# ....###.#
#.# ##.#.###.# <....##.####
#.###.###.##.# ..#........##
#.@z.........#
.##.........###.###.###.#########
....###.........# #.# #..........
....# ####..###.# #.###.#........
.._.# #..# #.# #.....#.#######
....# #..###.#########.# .....
#.......# #.# #.###. #.####..#
#.# ... .# #.# ##..# #.#


You could see a skeletal warrior.

Vanquished Creatures
  Sigmund (D:5)
  5 humans (D:6)
  Eustachio (D:5)
  A vampire mosquito (D:6)
  3 water moccasins
  A sky beast (D:6)
  3 ice beasts
  A phantom (D:5)
  A bullfrog (D:6)
  A necrophage (D:7)
  3 scorpions
  3 wights
  A jelly (D:6)
  2 orc priests
  4 iguanas (D:6)
  4 orc wizards
  4 gnolls
  5 adders
  A shadow imp (D:5)
  3 white imps
  3 ufetubi
  2 worms (D:3)
  5 dart slugs
  18 orcs
  7 bats
  9 endoplasms
  4 giant cockroaches
  4 goblins
  8 hobgoblins
  4 jackals (D:4)
  5 quokkas
  5 ball pythons
  5 frilled lizards
  7 kobolds
  5 rats
139 creatures vanquished.

Notes
Turn   | Place    | Note
-------+----------+-------------------------------------------
     0 | D:1      | siradein the Vampire Berserker began the quest for the Orb.
     0 | D:1      | Reached XP level 1. HP: 17/17 MP: 1/1
   153 | D:1      | Reached XP level 2. HP: 23/23 MP: 2/2
   593 | D:1      | Gained mutation: You are afflicted with vampirism and can
                  | become a bat while bloodless. [Vampire growth]
   593 | D:1      | Reached XP level 3. HP: 29/29 MP: 3/3
  1049 | D:2      | Reached ** piety under Trog
  1159 | D:2      | Reached skill level 3 in Dodging
  1161 | D:2      | Reached XP level 4. HP: 35/35 MP: 4/4
  1522 | D:2      | Found a radiant altar of Vehumet.
  1732 | D:3      | Found a sacrificial altar of Ru.
  1885 | D:3      | Found a basalt altar of Yredelemnul.
  1889 | D:3      | Found a shadowy altar of Dithmenos.
  2204 | D:3      | Found an iron altar of Okawaru.
  2371 | D:3      | Found an ancient bone altar of Kikubaaqudgha.
  2382 | D:3      | Found a burning altar of Makhleb.
  2388 | D:3      | Found a sparkling altar of Nemelex Xobeh.
  2395 | D:3      | Found a snail-covered altar of Cheibriados.
  2481 | D:3      | Found a shimmering blue altar of Sif Muna.
  2481 | D:3      | Found a shimmering altar of Xom.
  2626 | D:4      | Reached XP level 5. HP: 39/41 MP: 5/5
  2870 | D:4      | Reached *** piety under Trog
  3057 | D:4      | Noticed an ice beast
  3071 | D:4      | Killed an ice beast
  3162 | D:4      | Reached skill level 4 in Dodging
  3162 | D:4      | Reached XP level 6. HP: 27/48 MP: 6/6
  3652 | D:5      | Entered Level 5 of the Dungeon
  3722 | D:5      | Noticed a water moccasin
  3735 | D:5      | Killed a water moccasin
  3736 | D:5      | Reached XP level 7. HP: 52/55 MP: 7/7
  3775 | D:5      | Found a staircase to the Ecumenical Temple.
  3794 | D:5      | Noticed Sigmund
  3807 | D:5      | Killed Sigmund
  4041 | D:5      | Reached skill level 5 in Dodging
  4166 | D:5      | Noticed Eustachio
  4180 | D:5      | Killed Eustachio
  4334 | D:5      | Found a radiant altar of Vehumet.
  4464 | D:5      | Reached skill level 5 in Fighting
  4464 | D:5      | Reached skill level 5 in Polearms
  4464 | D:5      | Reached XP level 8. HP: 60/62 MP: 8/8
  4631 | D:6      | Reached **** piety under Trog
  4751 | D:6      | Reached skill level 6 in Dodging
  5179 | D:6      | Reached skill level 5 in Armour
  5193 | D:6      | Reached XP level 9. HP: 36/69 MP: 9/9
  5268 | D:6      | Reached skill level 7 in Dodging
  5892 | D:7      | Found a basalt altar of Yredelemnul.
  5892 | D:7      | Noticed a skeletal warrior
  5938 | D:7      | Mangled by a skeletal warrior

Illustrated notes

Levels and vault maps discovered:
D:1:      minmay_arrival_wavy_path, layout_loops_corners
D:2:      layout_loops_ring, basic_altar
D:3:      layout_loops_ring, mainiacjoe_overflow_surrounded_room,
          nicolae_overflow_crystal_walls, gammafunk_temple_overflow_wave,
          okawaru_gym_becter, nicolae_overflow_hallway_of_the_gods,
          mainiacjoe_overflow_small_starburst, minmay_tree_intersection,
          minmay_pentomino_pile
D:4:      kennysheep_six_static_rooms, layout_cave_pods, minmay_pentangle
D:5:      layout_loops_cross, nicolae_vehumet_altar_sigil,
          minmay_temple_entry_statues_pillars, uniq_eustachio, uniq_sigmund
D:6:      layout_basic, kennysheep_cross_bottleneck, minmay_ruffians
D:7:      layout_loops_ring, hangedman_feature_mirror

Skill      XL: |  1  2  3  4  5  6  7  8  9 |
---------------+----------------------------+-----
Polearms       | 3 4 5 6 |  6.6
Fighting       | 3 4 5 6 |  6.6
Armour         | 2 3 4 5 |  5.6
Dodging        | 3 4 5 6 7 |  7.5

Action                   |  1- 3 |  4- 6 |  7- 9 || total
-------------------------+-------+-------+-------++-------
Melee: Spear             |    93 |   279 |    59 ||   431
       Bite              |     6 |    28 |    30 ||    64
       Punch             |       |     1 |     1 ||     2
       Halberd           |       |       |   270 ||   270
Invok: Berserk           |     1 |     2 |     4 ||     7
  Use: Scroll            |       |     6 |     1 ||     7
 Stab: Sleeping          |     1 |       |       ||     1
Armor: Animal skin       |     2 |       |       ||     2
       Ring mail         |    14 |       |       ||    14
       Chain mail        |       |   107 |    26 ||   133
       Leather armour    |       |       |    65 ||    65
Dodge: Dodged            |    28 |    88 |   215 ||   331

Table legend: (Time is in decaauts)
 A = Elapsed time spent in this place.
 B = Non-inter-level travel time spent in this place.
 C = Inter-level travel time spent in this place.
 D = Time resting spent in this place.
 E = Time spent auto-exploring this place.
 F = Levels seen in this place.
 G = Mean time per level.
                   A        B        C        D        E       F      G
               +--------+--------+--------+--------+--------+-----+--------+
         Total |   6009 |   5827 |    182 |     78 |   4290 |   7 |  858.4 |
       Dungeon |   6009 |   5827 |    182 |     78 |   4290 |   7 |  858.4 |
               +--------+--------+--------+--------+--------+-----+--------+

Top non-repeatable levels by time:
     D:6: 1359 daAuts
     D:4: 1148 daAuts
     D:1: 967 daAuts
     D:5: 832 daAuts
     D:3: 790 daAuts
     D:2: 743 daAuts
     D:7: 168 daAuts
